 Dungeon Crawl Stone Soup version 0.23.3-3-gaaff5abdbf (webtiles) character file.

Game seed: 2458458420346081781

531 MordorOrchid the Caller (level 7, 0/51 HPs)
             Began as a Gnoll Summoner on May 23, 2020.
             Was a Priest of Vehumet.
             Slain by Duvessa
             ... wielding a +0 short sword
              (4 damage)
             ... on level 3 of the Dungeon.
             The game lasted 00:21:48 (2966 turns).

MordorOrchid the Caller (Gnoll Summoner)            Turns: 2966, Time: 00:21:49

Health: 0/51       AC:  6    Str: 10    XL:     7   Next: 24%
Magic:  9/15       EV: 11    Int: 19    God:    Vehumet [***...]
Gold:   235        SH:  0    Dex: 16    Spells: 7/17 levels left

rFire    . . .     SeeInvis .   K - +0 flail (venom)
rCold    . . .     Gourm    .   (no shield)
rNeg     . . .     Faith    .   x - +0 scale mail
rPois    +         Spirit   .   (no helmet)
rElec    .         Reflect  .   (no cloak)
rCorr    .         Harm     .   (no gloves)
MR       .....                  (no boots)
Stlth    ++........             (no amulet)
HPRegen  0.17/turn              y - ring of poison resistance
MPRegen  0.14/turn              (no ring)

@: very slightly contaminated
A: distributed training, fangs 1, strong nose
a: Renounce Religion


You were on level 3 of the Dungeon.
You worshipped Vehumet.
Vehumet was most pleased with you.
You were not hungry.

You visited 1 branch of the dungeon, and saw 4 of its levels.
You also visited: Sewer.

You collected 235 gold pieces.

Inventory:

Hand Weapons
 j - a +0 hunting sling
 p - a +0 short sword
 F - a +1 whip of draining
 K - a +0 flail of venom (weapon)
 L - a +1 whip of electrocution
 M - a +0 shortbow
Missiles
 b - 101 stones
 e - 4 javelins (quivered)
 o - 26 arrows
 w - 13 bolts
 G - 17 sling bullets
Armour
 a - a +0 robe
 h - a +0 leather armour
 t - a +0 robe of positive energy
 x - a +0 scale mail (worn)
 B - a +0 ring mail
 C - a +0 chain mail
Jewellery
 m - a +4 amulet of reflection {unknown}
 y - a ring of poison resistance (left hand)
Scrolls
 g - 2 scrolls of enchant armour {unknown}
 i - a scroll of teleportation {unknown}
 n - a scroll of enchant weapon {unknown}
 u - a scroll of fog {unknown}
 z - a scroll of noise {unknown}
 A - 2 scrolls of remove curse {unknown}
 D - a scroll of blinking {unknown}
 E - a scroll of immolation {unknown}
 H - 2 scrolls of identify {unknown}
Potions
 d - 2 potions of curing
 f - 3 potions of haste {unknown}
 k - 2 potions of lignification
 l - a potion of magic {unknown}
 q - 2 potions of heal wounds {unknown}
 r - a potion of degeneration {unknown}
 v - a potion of agility {unknown}
 I - a potion of flight {unknown}
 J - a potion of resistance {unknown}
Comestibles
 c - 9 rations
 s - 3 chunks of flesh


   Skills:
 + Level 2.3 Fighting
 + Level 2.3 Short Blades
 + Level 2.3 Long Blades
 + Level 2.3 Axes
 + Level 2.3 Maces & Flails
 + Level 2.3 Polearms
 + Level 2.3 Staves
 + Level 2.3 Slings
 + Level 2.3 Bows
 + Level 2.3 Crossbows
 + Level 2.3 Throwing
 + Level 2.3 Armour
 + Level 5.1 Dodging
 + Level 4.8 Stealth
 + Level 2.3 Shields
 + Level 2.3 Unarmed Combat
 + Level 5.5 Spellcasting
 + Level 1.9 Conjurations
 + Level 1.9 Hexes
 + Level 1.9 Charms
 + Level 7.4 Summonings
 + Level 1.9 Necromancy
 + Level 1.9 Translocations
 + Level 1.9 Transmutations
 + Level 1.9 Fire Magic
 + Level 1.9 Ice Magic
 + Level 1.9 Air Magic
 + Level 1.9 Earth Magic
 + Level 1.9 Poison Magic
 + Level 2.5 Invocations
 + Level 2.3 Evocations


You had 7 spell levels left.
You knew the following spells:

 Your Spells              Type           Power        Failure   Level  Hunger
a - Summon Small Mammal   Summ           ####         3%          1    None
b - Call Imp              Summ           ####....     5%          2    None
c - Call Canine Familiar  Summ           ####....     11%         3    ##.....
j - Summon Lightning Spi  Summ/Air       ###.....     75%         4    ####...

Your spell library contained the following spells:

 Spells                   Type           Power        Failure   Level  Hunger
 Conjure Flame            Conj/Fire      ##......     26%         3    ##.....
 Summon Guardian Golem    Hex/Summ       ###.....     34%         3    ##.....
 Summon Ice Beast         Ice/Summ       ###.....     75%         4    ####...


Dungeon Overview and Level Annotations

Branches:
Dungeon (4/15)
 Temple: D:4-7

Altars:
Hepliaklqana
Makhleb
Nemelex Xobeh
Ru
Uskayaw
Vehumet

Annotations:
D:3 3 runed translucent doors, Dowan; Duvessa; NeAGen181's ghost, amateur HOFi; RogiNicba's ghost, amateur MiFi


Innate Abilities, Weirdness & Mutations

Your experience applies equally to all skills.
You have very sharp teeth.
Your uncanny sense of smell can sniff out nearby items.


Message History

Confirm with . or Enter, or press ? or * to list all spells.
You miscast Call Canine Familiar.
You are very lightly contaminated with residual magic.
Your brain hurts!
Duvessa misses you. Dowan hits you but does no damage.
Duvessa hits you with a +0 short sword.
Casting: Call Canine Familiar (safe; 11% risk of failure)
Confirm with . or Enter, or press ? or * to list all spells.
Duvessa hits you but does no damage. Dowan hits you but does no damage.
Unknown command.
Duvessa misses you. Dowan hits you with a +0 dagger.
Your hound bites Duvessa.
Duvessa hits you with a +0 short sword!
Your hound bites Duvessa but does no damage.
Duvessa hits you with a +0 short sword!
* * * LOW HITPOINT WARNING * * *
Your hound barely misses Duvessa.
Dowan points at you and mumbles some strange words.
The puff of flame hits you.
* * * LOW HITPOINT WARNING * * *
Duvessa hits you with a +0 short sword.
You die...

#.###### #..........#..#....
###.###### #..###..._.#(.#...#
#...÷....# #..##......#(.#....
###.#......# #..##......####....
#...#......# ##..##<<............
......###### #...##.........##...
###..##$P⌠P.##....eh.............
######8.$...8##....####..........
..# #)....W..?#.@e...#....##.....
..###P.......P#.####....#........
....#⌠.......⌠#....h.............
...##P.......P###.5..##.#..###.##
##..####+++#####..####..#........
###............#5#####.##.#....##
.#####..#...#.##.5..........####
..#####.##..#.##........#####
#....##.##....#..........##


You could see Duvessa, Dowan and a friendly hound.

Vanquished Creatures
  5 adders
  4 oozes
  2 leopard geckos (Sewer)
  An orc (D:4)
  3 giant cockroaches
  4 goblins
  A hobgoblin (D:3)
  4 ball pythons
  2 bats
  5 frilled lizards
  8 kobolds
  6 rats
45 creatures vanquished.

Vanquished Creatures (collateral kills)
  Edmund (D:4)
  An ogre (D:4)
  A centaur (D:3)
  2 bullfrogs (Sewer)
  A jelly (D:4)
  A centaur skeleton (D:4)
  A worker ant (D:3)
  10 adders
  A river rat (D:4)
  12 oozes
  A worm (D:4)
  2 dart slugs
  13 leopard geckos
  An orc (D:2)
  5 bats
  15 giant cockroaches
  3 goblins
  2 hobgoblins (D:2)
  3 jackals (D:4)
  9 frilled lizards
  4 kobolds (D:4)
  A rat (D:4)
  2 fungi (D:4)
92 creatures vanquished.

Vanquished Creatures (others)
  8 toadstools (D:4)
  3 withered plants (D:3)
11 creatures vanquished.

Grand Total: 148 creatures vanquished

Notes
Turn   | Place    | Note
-------+----------+-------------------------------------------
     0 | D:1      | MordorOrchid the Gnoll Summoner began the quest for the
                  | Orb.
     0 | D:1      | Reached XP level 1. HP: 13/13 MP: 6/6
   183 | D:1      | Reached XP level 2. HP: 13/19 MP: 5/7
   685 | D:1      | Learned a level 2 spell: Call Imp
   780 | D:2      | Reached XP level 3. HP: 25/25 MP: 2/9
   785 | D:2      | Learned a level 3 spell: Call Canine Familiar
   825 | D:2      | Reached skill level 5 in Spellcasting
   892 | D:2      | Reached skill level 1 in Invocations
  1018 | D:2      | Reached skill level 1 in Fighting
  1018 | D:2      | Reached skill level 1 in Short Blades
  1018 | D:2      | Reached skill level 1 in Long Blades
  1018 | D:2      | Reached skill level 1 in Axes
  1018 | D:2      | Reached skill level 1 in Maces & Flails
  1018 | D:2      | Reached skill level 1 in Polearms
  1018 | D:2      | Reached skill level 1 in Staves
  1018 | D:2      | Reached skill level 1 in Slings
  1018 | D:2      | Reached skill level 1 in Bows
  1018 | D:2      | Reached skill level 1 in Crossbows
  1018 | D:2      | Reached skill level 1 in Throwing
  1018 | D:2      | Reached skill level 1 in Armour
  1018 | D:2      | Reached skill level 1 in Shields
  1018 | D:2      | Reached skill level 1 in Unarmed Combat
  1018 | D:2      | Reached skill level 1 in Evocations
  1114 | D:2      | Found a hazy altar of Hepliaklqana.
  1228 | D:2      | Found a burning altar of Makhleb.
  1229 | D:2      | Found a radiant altar of Vehumet.
  1233 | D:2      | Became a worshipper of Vehumet
  1264 | D:2      | Found a sacrificial altar of Ru.
  1265 | D:2      | Reached XP level 4. HP: 32/32 MP: 6/11
  1298 | D:2      | Learned a level 4 spell: Summon Lightning Spire
  1307 | D:3      | Found a hide-covered altar of Uskayaw.
  1307 | D:3      | Noticed a +0 hand axe
  1307 | D:3      | Noticed a +0 hand axe
  1489 | D:3      | Found a runed translucent gate.
  1489 | D:3      | Found a runed translucent gate.
  1489 | D:3      | Found a runed translucent gate.
  1551 | D:3      | Noticed NeAGen181's ghost (amateur HOFi)
  1552 | D:3      | Noticed RogiNicba's ghost (amateur MiFi)
  1732 | D:4      | Noticed an ogre
  1762 | D:4      | Noticed a centaur
  1762 | D:4      | Noticed Duvessa
  1762 | D:4      | Noticed Dowan
  1788 | D:3      | HP: 1/32 [centaur/arrow (8)]
  1930 | D:3      | HP: 1/32 [worker ant (6)]
  1935 | D:3      | Reached skill level 1 in Conjurations
  1935 | D:3      | Reached skill level 1 in Hexes
  1935 | D:3      | Reached skill level 1 in Charms
  1935 | D:3      | Reached skill level 1 in Necromancy
  1935 | D:3      | Reached skill level 1 in Translocations
  1935 | D:3      | Reached skill level 1 in Transmutations
  1935 | D:3      | Reached skill level 1 in Fire Magic
  1935 | D:3      | Reached skill level 1 in Ice Magic
  1935 | D:3      | Reached skill level 1 in Air Magic
  1935 | D:3      | Reached skill level 1 in Earth Magic
  1935 | D:3      | Reached skill level 1 in Poison Magic
  2066 | D:4      | Found a glowing drain.
  2113 | Sewer    | Entered a sewer
  2124 | Sewer    | Reached XP level 5. HP: 30/37 MP: 9/12
  2218 | Sewer    | Reached * piety under Vehumet
  2218 | Sewer    | Offered knowledge of Sting by Vehumet.
  2360 | Sewer    | Reached ** piety under Vehumet
  2364 | Sewer    | Offered knowledge of Shock by Vehumet.
  2368 | Sewer    | Reached XP level 6. HP: 23/44 MP: 7/13
  2529 | D:4      | Reached skill level 5 in Dodging
  2571 | D:4      | Offered knowledge of Conjure Flame by Vehumet.
  2650 | D:4      | Reached *** piety under Vehumet
  2734 | D:4      | Noticed Edmund
  2746 | D:4      | Killed Edmund
  2746 | D:4      | Reached XP level 7. HP: 39/50 MP: 15/15
  2835 | D:4      | Found a sparkling altar of Nemelex Xobeh.
  2966 | D:3      | Slain by Duvessa

Skill      XL: |  1  2  3  4  5  6 |
---------------+-------------------+-----
Spellcasting   | 5 |  5.5
Invocations    | 1 2 |  2.5
Fighting       | 1 2 |  2.3
Short Blades   | 1 2 |  2.3
Long Blades    | 1 2 |  2.3
Axes           | 1 2 |  2.3
Maces & Flails | 1 2 |  2.3
Polearms       | 1 2 |  2.3
Staves         | 1 2 |  2.3
Slings         | 1 2 |  2.3
Bows           | 1 2 |  2.3
Crossbows      | 1 2 |  2.3
Throwing       | 1 2 |  2.3
Armour         | 1 2 |  2.3
Shields        | 1 2 |  2.3
Unarmed Combat | 1 2 |  2.3
Evocations     | 1 2 |  2.3
Conjurations   | 1 |  1.9
Hexes          | 1 |  1.9
Charms         | 1 |  1.9
Necromancy     | 1 |  1.9
Translocations | 1 |  1.9
Transmutations | 1 |  1.9
Fire Magic     | 1 |  1.9
Ice Magic      | 1 |  1.9
Air Magic      | 1 |  1.9
Earth Magic    | 1 |  1.9
Poison Magic   | 1 |  1.9
Dodging        | 5 |  5.1
Stealth        | |  4.8
Summonings     | |  7.4

Action                   |  1- 3 |  4- 6 |  7- 9 || total
-------------------------+-------+-------+-------++-------
Melee: Club              |    16 |       |       ||    16
       Unarmed           |     6 |       |       ||     6
       Short sword       |    54 |   132 |       ||   186
       Bite              |     7 |    18 |     1 ||    26
       Whip              |       |    24 |       ||    24
       Punch             |       |     1 |       ||     1
       Flail             |       |       |     4 ||     4
Throw: Javelin           |     2 |       |       ||     2
       Stone             |     1 |       |       ||     1
 Cast: Summon Small Mamm |    17 |     1 |       ||    18
       Call Imp          |     8 |    33 |     2 ||    43
       Call Canine Famil |       |     7 |     3 ||    10
  Use: Potion            |     1 |     5 |       ||     6
 Stab: Sleeping          |     7 |     2 |       ||     9
       Distracted        |     1 |     2 |       ||     3
  Eat: Chunk             |     1 |     6 |     1 ||     8
Armor: Leather armour    |    20 |     4 |       ||    24
       Robe              |     1 |       |       ||     1
       Skin              |       |    50 |       ||    50
       Ring mail         |       |    11 |       ||    11
       Chain mail        |       |     8 |       ||     8
       Scale mail        |       |    50 |     4 ||    54
Dodge: Dodged            |    69 |   131 |     7 ||   207
